cohdb
Replays
Latest Replays
All Replays
Popular Replays
Top Player Replays
Match Explorer
How It Works
Community
CoH3 Stats
Reddit
Sign in to upload your games and track your stats! →
Sign in with Steam
Match 40013489
Unlisted
Match 40013489
Overview
Messages
Build Orders
End
Construct Section Command Post
Selects Canadian Shock Battlegroup
Infantry Section
Dingo Light Scout Car
ML 3-inch Mortar Team
Infantry Section
Selects Incendiary Munitions
Grenade Package
Infantry Section
Infantry Section
Construct Platoon Command Post
Selects Pyrotechnics
CMP 15cwt Truck
Royal Engineer Section
Selects Offensive Resupply
Selects Canadian Shock Section
Infantry Section
Construct Company Command Post
Construct Company Command Post
Construct Company Command Post
6-pounder Anti-tank Gun Team
Particycles
banksss33
Mr Indigo
SWORD SOUL
战争之裂血手套
waja0514
0
0
Comments
sign in to comment!
No comments posted yet!